 Dungeon Crawl Stone Soup version 0.17.0-19-gb37c632 (webtiles) character file.

17906 Rationalist the Nimble (level 12, -7/86 HPs)
             Began as a Demonspawn Berserker on Nov 12, 2015.
             Was a High Priest of Trog.
             Killed from afar by an electric eel (10 damage)
             ... with a bolt of electricity
             ... on level 11 of the Dungeon.
             The game lasted 00:36:17 (20466 turns).

Rationalist the Nimble (Demonspawn Berserker)      Turns: 20466, Time: 00:36:18

Health: -7/86      AC:  6    Str: 18    XL:     12   Next: 23%
Magic:  0/12       EV: 28    Int: 10    God:    Trog [*****.]
Gold:   514        SH:  0    Dex: 18    Spells: 0 memorised, 11 levels left

rFire  + . .     SeeInvis +     w - +0 war axe (drain)
rCold  + . .     Rnd*Rage +     s - +1 leather armour {rN+}
rNeg   + . .     SustAt   .     (no shield)
rPois  .         Gourm    .     (no helmet)
rElec  .         Spirit   +     R - +1 cloak {MR+}
rCorr  .         Warding  .     (no gloves)
rMut   .         Stasis   .     (no boots)
MR     +....                    (no amulet)
Stlth  +++.......               j - ring of see invisible
                                p - +4 ring of evasion

@: somewhat resistant to hostile enchantments, fairly stealthy
A: claws 1, hooves 2, repulsion field 2, berserk 1, blurry vision 1, clever 1,
cold resistance 1, fire resistance 1, frail 1, wild magic 1, magic shield
a: Berserk, Trog's Hand, Brothers in Arms, Burn Spellbooks, Renounce Religion


You were on level 11 of the Dungeon.
You worshipped Trog.
Trog was extremely pleased with you.
You were hungry.

You visited 1 branch of the dungeon, and saw 11 of its levels.
You also visited: Sewer.

You collected 514 gold pieces.

Inventory:

Hand Weapons
 a - a +0 hand axe
 w - a +0 war axe of draining (weapon)
 D - a +0 hand crossbow
 X - a +3 antimagic executioner's axe
Missiles
 d - 29 bolts of frost
 l - 35 bolts
 y - 108 sling bullets
 A - 8 tomahawks (quivered)
 N - 13 sling bullets of flame
 S - 11 poisoned bolts
Armour
 s - a +1 leather armour of positive energy (worn)
 R - a +1 cloak of magic resistance (worn)
Jewellery
 j - a ring of see invisible (right claw)
 p - a +4 ring of evasion (left claw)
 G - an uncursed ring of magical power
 H - a +1 ring of evasion
 J - the ring "Besyloss" {SustAt *Corrode +Blink Str+8}
   (You took it off a centaur on level 6 of the Dungeon)

   [ring of sustain attributes]

   It sustains your strength, intelligence and dexterity.
   It affects your strength (+8).
   It lets you blink.
   It may corrode your equipment when you take damage.
 M - an uncursed ring of teleportation
Wands
 q - a wand of polymorph (8)
 B - a wand of fireball (0)
 C - a wand of draining (10)
 E - a wand of fire (0)
 O - a wand of cold (6)
 U - a wand of frost (16)
 W - a wand of slowing (22)
 Y - a wand of paralysis (8)
Scrolls
 b - a scroll of recharging
 f - 8 scrolls of teleportation
 g - 2 scrolls of fear
 i - 2 scrolls of noise
 n - 3 scrolls of fog
 r - 5 scrolls of remove curse
 t - 2 scrolls of random uselessness {unknown}
 v - 2 scrolls of blinking {unknown}
 x - 2 scrolls of enchant armour {unknown}
 F - 2 scrolls of enchant weapon {unknown}
Potions
 h - 2 potions of haste
 k - a potion of resistance
 o - a potion of agility
 u - 4 potions of brilliance
 z - 2 potions of cure mutation
 I - 2 potions of might
 K - 4 potions of curing
 Q - a potion of cancellation
 Z - a potion of berserk rage
Miscellaneous
 P - a lantern of shadows
Comestibles
 c - 16 bread rations
 m - 5 meat rations
 T - 4 royal jellies


   Skills:
 * Level 9.4 Fighting
 * Level 9.7 Axes
 + Level 4.5 Armour
 + Level 12.3 Dodging
 + Level 5.1 Stealth
 - Level 1.1 Evocations


You had 11 spell levels left.
You didn't know any spells.

Dungeon Overview and Level Annotations

Branches:
Dungeon (11/15)            Temple (0/1) D:4            Lair (0/8) D:11
    Orc (0/4) D:9

Altars:
Ashenzari
Fedhas
Makhleb
Nemelex Xobeh
Ru
Sif Muna
Xom
Yredelemnul
The Shining One

Shops:
D:11 [


Innate Abilities, Weirdness & Mutations

You have hoof-like feet.
You are surrounded by a moderate repulsion field (EV +3).
When hurt, damage is shared between your health and your magic reserves.
You have sharp fingernails.
You tend to lose your temper in combat.
Scrolls take you a little longer to read.
Your mind is acute. (Int +2)
Your flesh is cold resistant.
Your flesh is heat resistant.
You are frail (-10% HP).
Your spells are a little harder to cast, but a little more powerful.


Message History

You feel somewhat more hungry.
The electric eel shoots out a bolt of lightning at you!
The bolt of electricity hits you!
* * * LOW HITPOINT WARNING * * *
Your ogre rages.
The electric eel shoots out a bolt of lightning at you!
The bolt of electricity hits you!
* * * LOW HITPOINT WARNING * * *
You closely miss the electric eel.
The electric eel is lightly wounded.
Your ogre misses the electric eel.
The orc priest miscasts a cantrip.
Unknown command.
You hit the electric eel but do no damage.
You kick the electric eel.
The electric eel is moderately wounded.
Your ogre barely misses the electric eel.
The electric eel shoots out a bolt of lightning at you!
The bolt of electricity hits you!
You die...

,,,,,,*,,,,,,,**,,,,,,,,,,,,****,
**,,,,,,,.≈≈o≈≈≈..........,** *,
*,*,,,,,.≈≈≈≈≈o≈..≈.≈....,* *,
**,*,,,,,≈≈≈≈≈≈≈≈≈≈..≈≈...,*****,
,,,',,≈≈≈≈≈≈≈≈≈≈≈≈≈.≈≈....,,,,,,,
,,**,,,≈≈≈≈≈≈≈≈≈≈≈≈≈≈≈≈...,******
,,,,,,,≈≈≈≈.≈≈≈≈≈.≈≈≈≈≈≈..,,,,,,,
,,,,,,≈,≈≈≈≈....;≈≈≈≈≈≈≈..*******
,,,,,,,≈≈≈≈..>..@O........#
,,*#.≈≈≈.≈≈≈......≈≈≈≈≈...#
,,,.....≈≈≈..≈...≈≈≈≈.....#
***#.....≈≈≈≈.(≈≈(≈≈≈≈≈≈..## #
#....≈≈≈≈≈≈≈≈≈≈≈≈≈≈≈....# ###
####....≈..≈≈≈.≈≈..≈≈......# #.#
......≈≈≈..≈...............# #.#
.......)...................###)##
)[...........######..............


You could see an electric eel, an orc priest, an orc and a friendly ogre
(berserk).

Vanquished Creatures
  Erica (D:11)
  The ghost of Ohli the Fighter, a novice DsMo of Makhleb (D:11)
  A shambling mangrove (D:10)
  4 hill giants
  Pikel (D:7)
  An ugly thing (D:10)
  2 hornets (D:10)
  The ghost of wojtek the Basher, a novice GrFi (D:6)
  Maurice (D:8)
  A two-headed ogre (D:10)
  2 trolls
  A wolf spider simulacrum (D:11)
  2 wraiths (D:10)
  3 hippogriffs
  3 hungry ghosts
  A wolf (D:11)
  A deep elf fighter (D:5)
  A steam dragon (D:9)
  7 yaks
  A swamp drake (D:9)
  Duvessa (D:6)
  A water moccasin (D:10)
  4 orc warriors
  Purgy (Sewer)
  4 wasps
  A necrophage (D:6)
  8 ogres
  2 phantoms
  5 centaurs
  2 slaves (D:7)
  A big kobold (D:5)
  A crocodile (D:7)
  Dowan (D:6)
  9 giant frogs
  A wyvern skeleton (D:8)
  4 scorpions
  An oklob sapling (D:4)
  21 killer bees
  9 hounds
  4 crimson imps
  A centaur zombie (D:5)
  3 electric eels (D:11)
  2 giant frog zombies
  6 jellies
  9 orc priests
  2 quasits
  2 centaur skeletons
  A wyvern simulacrum (D:10)
  2 giant frog skeletons
  15 worker ants
  Terence (D:3)
  19 orc wizards
  Natasha (thrice) (D:3)
  3 iguanas
  A hound zombie (D:8)
  2 hound skeletons
  14 adders
  5 shadow imps
  13 oozes (D:10)
  An adder zombie (D:10)
  2 worms
  6 giant geckos
  53 orcs
  11 giant cockroaches
  11 goblins
  7 hobgoblins
  24 jackals
  7 quokkas
  A ball python skeleton (D:4)
  11 bats
  9 giant newts
  19 kobolds
  8 rats
  A fungus (D:10)
392 creatures vanquished.

Vanquished Creatures (collateral kills)
  An unseen horror (D:10)
  A centaur zombie (D:10)
  A troll (D:10)
  A queen bee (D:10)
  Eustachio (D:5)
  4 yaks (D:10)
  2 orc warriors (D:5)
  An eye of draining (D:10)
  A scorpion (D:10)
  A jelly (D:10)
  2 wights (D:5)
16 creatures vanquished.

Vanquished Creatures (others)
  An orc warrior (D:9)
  An ogre (D:7)
  A necrophage (D:7)
  A centaur (D:7)
  A hound (D:11)
  A worker ant (D:7)
  A shadow imp (D:7)
  2 orcs
  A giant cockroach (D:7)
  A jackal skeleton (D:7)
  A quokka (D:7)
  8 fungi (D:10)
20 creatures vanquished.

Grand Total: 428 creatures vanquished

Notes
Turn   | Place    | Note
--------------------------------------------------------------
     0 | D:1      | Rationalist the Demonspawn Berserker began the quest for the Orb.
     0 | D:1      | Reached XP level 1. HP: 18/18 MP: 1/1
   790 | D:1      | Gained mutation: When hurt, damage is shared between your health and your magic reserves. [demonic ancestry]
   790 | D:1      | Reached XP level 2. HP: 18/24 MP: 2/2
  1937 | D:2      | Found a burning altar of Makhleb.
  1971 | D:2      | Reached XP level 3. HP: 12/29 MP: 1/3
  2368 | D:2      | Found a sacrificial altar of Ru.
  2396 | D:2      | Reached ** piety under Trog
  3090 | D:2      | Reached XP level 4. HP: 35/35 MP: 4/4
  3241 | D:2      | Reached skill level 1 in Stealth
  3760 | D:2      | Noticed an ogre
  3766 | D:2      | Killed an ogre
  3766 | D:2      | Gained mutation: You have large cloven feet. [demonic ancestry]
  3766 | D:2      | Reached XP level 5. HP: 21/41 MP: 1/5
  4031 | D:3      | Noticed a centaur
  4063 | D:3      | Killed a centaur
  4063 | D:3      | Reached skill level 4 in Dodging
  4244 | D:3      | Reached XP level 6. HP: 48/48 MP: 6/6
  4560 | D:3      | Reached *** piety under Trog
  4737 | D:3      | Noticed Natasha
  4745 | D:3      | Killed Natasha
  4896 | D:3      | Noticed Terence
  4911 | D:3      | Killed Terence
  5169 | D:3      | Noticed Natasha
  5177 | D:3      | Killed Natasha
  5229 | D:3      | Noticed Natasha
  5237 | D:3      | Killed Natasha
  5485 | D:4      | Found a staircase to the Ecumenical Temple.
  5630 | D:4      | Reached XP level 7. HP: 25/55 MP: 5/7
  5639 | D:4      | Found a sparkling altar of Nemelex Xobeh.
  5880 | D:4      | Found a glowing drain.
  5884 | Sewer    | Entered a sewer
  6387 | Sewer    | Noticed Purgy
  6398 | Sewer    | Killed Purgy
  6398 | Sewer    | Reached skill level 5 in Dodging
  6482 | D:4      | Found a shimmering altar of Xom.
  6482 | D:4      | Found a shimmering altar of Xom.
  6485 | D:4      | Found a shimmering altar of Xom.
  6500 | D:4      | Found a shimmering altar of Xom.
  7054 | D:5      | Entered Level 5 of the Dungeon
  7506 | D:5      | Reached **** piety under Trog
  7506 | D:5      | Reached skill level 6 in Dodging
  7506 | D:5      | Gained mutation: You have hoof-like feet. [demonic ancestry]
  7506 | D:5      | Reached XP level 8. HP: 45/61 MP: 4/8
  7846 | D:5      | Reached skill level 5 in Fighting
  7975 | D:5      | Found a deep blue altar of Sif Muna.
  7992 | D:5      | Found a shimmering altar of Xom.
  8163 | D:5      | Gained mutation: Your system is resistant to poisons. [potion of mutation]
  8163 | D:5      | Gained mutation: You have sharp fingernails. [potion of mutation]
  8163 | D:5      | Gained mutation: Your flesh is heat resistant. [potion of mutation]
  8164 | D:5      | Gained mutation: You tend to lose your temper in combat. [potion of mutation]
  8311 | D:5      | Reached skill level 5 in Axes
  8370 | D:5      | Reached skill level 7 in Dodging
  8453 | D:5      | Noticed Eustachio
  8480 | D:5      | Killed Eustachio
  8980 | D:6      | HP: 1/64 [orc warrior/mace (14)]
  8992 | D:6      | Gained mutation: You are surrounded by a mild repulsion field (EV +2). [demonic ancestry]
  8992 | D:6      | Reached XP level 9. HP: 8/69 MP: 1/9
  9251 | D:6      | Noticed wojtek's ghost (novice GrFi)
  9262 | D:6      | Killed wojtek's ghost
  9262 | D:6      | Reached skill level 8 in Dodging
  9263 | D:6      | Noticed Duvessa
  9309 | D:6      | Killed Duvessa
  9325 | D:6      | Noticed Dowan
  9336 | D:6      | Killed Dowan
  9694 | D:6      | Found a shattered altar of Ashenzari.
  9755 | D:6      | Got a scorched copper ring
 10250 | D:6      | Found a blossoming altar of Fedhas.
 10608 | D:7      | Reached skill level 9 in Dodging
 10692 | D:7      | Noticed Pikel
 10713 | D:7      | Killed Pikel
 11062 | D:7      | Found a deep blue altar of Sif Muna.
 11389 | D:7      | Gained mutation: You are surrounded by a moderate repulsion field (EV +3). [demonic ancestry]
 11389 | D:7      | Reached XP level 10. HP: 69/77 MP: 8/10
 11787 | D:8      | Lost mutation: Your system is resistant to poisons. [potion of mutation]
 11787 | D:8      | Gained mutation: You are frail (-10% HP). [potion of mutation]
 11788 | D:8      | Gained mutation: Your flesh is cold resistant. [potion of mutation]
 11788 | D:8      | Gained mutation: Scrolls take you a little longer to read. [potion of mutation]
 11788 | D:8      | Gained mutation: Your mind is acute. (Int +2) [potion of mutation]
 11834 | D:8      | Noticed Maurice
 12250 | D:8      | Killed Maurice
 12977 | D:8      | Found a glowing golden altar of the Shining One.
 13167 | D:9      | Reached skill level 10 in Dodging
 13552 | D:9      | Found a staircase to the Orcish Mines.
 13563 | D:9      | Reached ***** piety under Trog
 14634 | D:9      | Found a basalt altar of Yredelemnul.
 14716 | D:9      | Identified the ring "Besyloss" {SustAt *Corrode +Blink Str+8} (You took it off a centaur on level 6 of the Dungeon)
 14809 | D:9      | Reached XP level 11. HP: 53/76 MP: 11/11
 15236 | D:10     | Entered Level 10 of the Dungeon
 15277 | D:10     | Reached skill level 11 in Dodging
 16349 | D:10     | Noticed a shambling mangrove
 16349 | D:10     | an oklob plant changed into a shambling mangrove
 16364 | D:10     | Killed a shambling mangrove
 16486 | D:10     | Noticed an unseen horror
 16514 | D:10     | Killed an unseen horror
 16514 | D:10     | Reached skill level 5 in Stealth
 16514 | D:10     | Reached skill level 1 in Evocations
 17034 | D:10     | Noticed a hill giant
 17049 | D:10     | Killed a hill giant
 17356 | D:10     | Noticed a hill giant
 17365 | D:10     | Killed a hill giant
 18125 | D:10     | Reached skill level 12 in Dodging
 18134 | D:10     | Gained mutation: Your spells are a little harder to cast, but a little more powerful. [mutagenic meat]
 18163 | D:10     | Noticed an unseen horror
 18640 | D:11     | Noticed a hill giant
 18652 | D:11     | Killed a hill giant
 19072 | D:11     | Noticed Ohli's ghost (novice DsMo)
 19093 | D:11     | Killed Ohli's ghost
 19093 | D:11     | Reached XP level 12. HP: 85/85 MP: 9/12
 19169 | D:11     | Noticed Erica
 19189 | D:11     | Received a gift from Trog
 19194 | D:11     | Killed Erica
 19964 | D:11     | Found Xexaf's Antique Armour Emporium.
 20432 | D:11     | Found a staircase to the Lair.
 20464 | D:11     | HP: 3/86 [electric eel/bolt of electricity (8)]
 20466 | D:11     | Killed from afar by an electric eel

Action                   |  1- 3 |  4- 6 |  7- 9 | 10-12 || total
-------------------------+-------+-------+-------+-------++-------
Melee: Hand axe          |   155 |   235 |   573 |   123 ||  1086
       War axe           |       |       |       |   734 ||   734
Throw: Tomahawk          |       |       |       |     3 ||     3
Invok: Berserk           |       |     6 |    14 |    10 ||    30
       Trog's Hand       |       |     1 |     5 |       ||     6
       Brothers in Arms  |       |       |     2 |     4 ||     6
       Burn Spellbooks   |       |       |       |     1 ||     1
Evoke: Wand              |       |       |     5 |     4 ||     9
  Use: Scroll            |       |     4 |     6 |    14 ||    24
       Potion            |       |       |     7 |     5 ||    12
 Stab: Sleeping          |     2 |     2 |     3 |     6 ||    13
       Distracted        |       |       |     1 |     3 ||     4
  Eat: Chunk             |     7 |    14 |    24 |    28 ||    73
       Beef jerky        |       |       |     2 |     7 ||     9
       Fruit             |       |       |     4 |     3 ||     7
       Meat ration       |       |       |     1 |     1 ||     2
       Pizza             |       |       |       |     2 ||     2
